 Dungeon Crawl Stone Soup version 0.22-a0-422-g9628fc8 (webtiles) character file.

283 Jinx the Cudgeler (level 6, 0/49 HPs)
             Began as a Demonspawn Chaos Knight on May 16, 2018.
             Slain by an iron imp (8 damage)
             ... summoned by Xom
             ... on level 4 of the Dungeon.
             The game lasted 00:05:37 (2032 turns).

Jinx the Cudgeler (Demonspawn Chaos Knight)         Turns: 2032, Time: 00:05:38

Health: 0/49       AC:  5    Str: 14    XL:     6   Next: 7%
Magic:  0/6        EV:  8    Int: 13    God:    Xom [*.....]
Gold:   162        SH:  8    Dex: 13    Spells: 5/5 levels left

rFire    + . .     SeeInvis .   a - +0 mace (chaos)
rCold    + . .     Gourm    .   n - +0 shield
rNeg     . . .     Faith    .   b - +2 leather armour
rPois    +         Spirit   +   (no helmet)
rElec    +         Reflect  .   (no cloak)
rCorr    +         Harm     .   (no gloves)
MR       .....                  (no boots)
Stlth    +.........             (no amulet)
HPRegen  0.16/turn              (no ring)
MPRegen  0.20/turn              (no ring)

@: resistant, flying, hasted, very quick
A: hooves 1, magic shield, magic regeneration
a: Renounce Religion


You were on level 4 of the Dungeon.
You worshipped Xom.
You were a special plaything of Xom.
You were hungry.

You visited 1 branch of the dungeon, and saw 4 of its levels.

You collected 162 gold pieces.

Inventory:

Hand Weapons
 a - a +0 mace of chaos (weapon)
Armour
 b - a +2 leather armour (worn)
 n - a +0 shield (worn)
Scrolls
 f - a scroll of immolation {unknown}
 g - 2 scrolls of noise {unknown}
 h - 2 scrolls of enchant armour {unknown}
 j - a scroll of amnesia {unknown}
 l - 2 scrolls of blinking {unknown}
 m - 3 scrolls of identify {unknown}
 o - a scroll of magic mapping {unknown}
 q - a scroll of remove curse {unknown}
 t - a scroll of fog {unknown}
Potions
 i - 2 potions of curing
 p - a potion of lignification {unknown}
 r - a potion of brilliance {unknown}
 s - a potion of ambrosia {unknown}
Comestibles
 c - 7 rations


   Skills:
 + Level 4.3 Fighting
 * Level 5.0 Maces & Flails
 - Level 1.7 Armour
 - Level 0.8 Dodging
 + Level 1.7 Shields


You had 5 spell levels left.
You didn't know any spells.
Your spell library was empty.

Dungeon Overview and Level Annotations

Branches:
Dungeon (4/15)
 Temple: D:4-7

Altars:


Innate Abilities, Weirdness & Mutations

You have large cloven feet.
When hurt, damage is shared between your health and your magic reserves.
You regenerate magic rapidly.


Message History

Xom thinks this is hilarious!
You block the iron imp's attack. The crimson imp hits you.
* * * LOW HITPOINT WARNING * * *
It was a potion of flight.
You feel very buoyant.
You fly up into the air.
The crimson imp hits you but does no damage.
The iron imp hits you.
* * * LOW HITPOINT WARNING * * *
It was a potion of haste.
You feel yourself speed up. The crimson imp barely misses you.
You hit the crimson imp. You freeze the crimson imp.
The crimson imp is moderately wounded.
The iron imp hits you but does no damage.
You closely miss the crimson imp. You kick the crimson imp.
The crimson imp is heavily wounded.
The crimson imp hits you but does no damage.
The iron imp hits you!
You die... "I guess I need a new plaything now."

.....#..#.........####
#......##........#
#.........†......#
..##......#.#.......#
.......$..#.#.......#
......................
....##.#.#.....######
... #5#.#...... ..
#@#.#.....##
#5#.......# ..... ...
##.#... ..#.#+ ..# #
..# ...#


You could see an iron imp and a crimson imp.

Vanquished Creatures
  An ogre (D:3)
  A hound (D:4)
  Terence (D:3)
  A worker ant (D:4)
  3 gnolls (D:2)
  5 adders
  An adder skeleton (D:4)
  4 dart slugs
  2 leopard geckos
  2 orcs
  4 bats
  2 giant cockroaches
  8 goblins
  6 hobgoblins
  11 jackals
  6 frilled lizards
  7 kobolds
  8 rats
73 creatures vanquished.

Vanquished Creatures (others)
  5 goblins (D:3)
5 creatures vanquished.

Grand Total: 78 creatures vanquished

Notes
Turn   | Place    | Note
-------+----------+-------------------------------------------
     0 | D:1      | Jinx the Demonspawn Chaos Knight began the quest for the Orb.
     0 | D:1      | Reached XP level 1. HP: 18/18 MP: 1/1
    95 | D:1      | Reached skill level 3 in Maces & Flails
   130 | D:1      | XOM: harmless Necr miscast
   136 | D:1      | Gained mutation: You have large cloven feet. [demonic ancestry]
   136 | D:1      | Reached XP level 2. HP: 17/24 MP: 2/2
   153 | D:1      | XOM: divination: magic mapping
   216 | D:1      | XOM: divination: detect creatures
   452 | D:1      | Reached XP level 3. HP: 29/29 MP: 3/3
   452 | D:1      | XOM: smoke on damage
   796 | D:2      | Reached skill level 4 in Maces & Flails
   799 | D:2      | Gained mutation: When hurt, damage is shared between your health and your magic reserves. [demonic ancestry]
   799 | D:2      | Reached XP level 4. HP: 15/37 MP: 4/4
   958 | D:2      | XOM: divination: detect creatures
  1001 | D:2      | XOM: silly message
  1260 | D:2      | XOM: divination: detect creatures
  1342 | D:3      | Noticed Terence
  1343 | D:3      | XOM: harmless Summ miscast
  1349 | D:3      | Killed Terence
  1353 | D:3      | Gained mutation: You regenerate magic rapidly. [demonic ancestry]
  1353 | D:3      | Reached XP level 5. HP: 38/42 MP: 5/5
  1569 | D:3      | Reached skill level 1 in Shields
  1637 | D:3      | Noticed an ogre
  1644 | D:3      | XOM: blink monster(s)
  1645 | D:3      | XOM: destruction
  1647 | D:3      | Killed an ogre
  2004 | D:4      | Reached skill level 5 in Maces & Flails
  2011 | D:4      | XOM: summons 2 hostile demons
  2017 | D:4      | Reached XP level 6. HP: 30/49 MP: 6/6
  2032 | D:4      | Slain by an iron imp

Vault maps used:
D:1:      dpeg_arrival_boxes_within_box, hangedman_glass_garden,
          minmay_tromino_v4_c
D:3:      minmay_ogre_servants, uniq_terence
D:4:      serial_shops, shop, first_ration, minmay_cupped, uniq_grinder

Skill      XL: |  1  2  3  4  5 |
---------------+----------------+-----
Maces & Flails | 3 4 5 |  5.0
Fighting       | 4 |  4.3
Shields        | 1 |  1.7
Armour         | |  1.7
Dodging        | |  0.8

Action                   |  1- 3 |  4- 6 || total
-------------------------+-------+-------++-------
Melee: Mace              |    89 |   126 ||   215
       Kick              |    11 |    19 ||    30
  Use: Potion            |       |     4 ||     4
 Stab: Petrifying        |     1 |       ||     1
       Petrified         |     1 |       ||     1
       Paralysed         |     1 |       ||     1
       Confused          |       |     2 ||     2
  Eat: Chunk             |       |     3 ||     3
Armor: Leather armour    |    32 |    44 ||    76
Dodge: Dodged            |    67 |    68 ||   135
Block: Shield            |       |    34 ||    34

Table legend:
 A = Spawn XP
 B = Non-spawn XP
 C = Spawn XP percentage of total XP
 D = Spawn monster count
 E = Non-spawn monster count
 F = Spawn count percentage of total count
 G = Total turns spent on level
                    A         B        C        D         E        F      G
               +---------+---------+-------+---------+---------+-------+---------
         Total |       0 |     405 |   0.0 |       0 |      73 |   0.0 |  2032
               +---------+---------+-------+---------+---------+-------+---------
           D:1 |       0 |      54 |   0.0 |       0 |      28 |   0.0 |   642
           D:2 |       0 |      89 |   0.0 |       0 |      17 |   0.0 |   641
           D:3 |       0 |     178 |   0.0 |       0 |      24 |   0.0 |   686
           D:4 |       0 |      84 |   0.0 |       0 |       4 |   0.0 |    63
               +---------+---------+-------+---------+---------+-------+---------
